 Dungeon Crawl Stone Soup version 0.30-a0-462-gd5975efbca (webtiles) character file.

Game seed: 7278817942375355052

9245 IdlyInterested the Carver (level 11, -1/126 HPs)
             Began as a Demonspawn Wanderer on Dec 16, 2022.
             Slain by a vampire (8 damage)
             ... on level 10 of the Dungeon.
             The game lasted 00:44:45 (10535 turns).

IdlyInterested the Carver (Demonspawn Wanderer)    Turns: 10535, Time: 00:44:47

Health: -1/126     AC: 12    Str:  9    XL:     11   Next: 20%
Magic:  21/21      EV: 12    Int: 13    God:
Gold:   99         SH: 13    Dex: 21    Spells: 24/24 levels left

rFire   . . .      SeeInvis .    W - +0 scimitar (drain)
rCold   . . .      Faith    .    L - +1 kite shield
rNeg    . . .      Spirit   .    m - +0 acid dragon scales
rPois   .          Reflect  .    I - +0 helmet
rElec   .          Harm     .    S - +2 cloak {Stlth+}
rCorr   +          Rampage  .    (no gloves)
Will    .....                    (no boots)
Stlth   ..........               (no amulet)
HPRegen 0.41/turn                n - ring of wizardry
MPRegen 0.17/turn                (no ring)

@: berserking, very quick
A: claws 2, icy blue scales 1, demonic guardian 2, spiny 2, talons 1, evolution
1
a: no special abilities


You were on level 10 of the Dungeon.
You visited 2 branches of the dungeon, and saw 11 of its levels.

You collected 691 gold pieces.
You spent 592 gold pieces at shops.

Inventory:

Hand Weapons
 y - the +5 rapier of Hisaen {drain, rElec rC- Str+6 Dex+4}
   (You found it on level 3 of the Dungeon)

   A truly terrible weapon, it drains the life of any living foe it strikes.
   Str:       It affects your strength (+6).
   Dex:       It affects your dexterity (+4).
   rC:        It makes you vulnerable to cold.
   rElec:     It insulates you from electricity.
 B - a +2 vampiric short sword
 W - a +0 scimitar of draining (weapon)
Missiles
 b - 36 poisoned darts (quivered)
 e - a curare-tipped dart
 h - 49 stones
 x - 5 boomerangs
Armour
 a - a +0 pair of boots
 l - a +2 buckler
 m - +0 acid dragon scales (worn)
 I - a +0 helmet (worn)
 L - a +1 kite shield (worn)
 S - a +2 cloak of stealth (worn)
Magical Staves
 P - a staff of fire
Jewellery
 n - a ring of wizardry (left claw)
Wands
 v - a wand of roots (2)
 A - a wand of charming (5)
 H - a wand of flame (10)
 O - a wand of polymorph (7)
Scrolls
 c - a scroll of immolation {unknown}
 f - a scroll of vulnerability
 g - 2 scrolls of blinking
 i - a scroll of torment
 j - 3 scrolls of fog
 k - 3 scrolls of poison
 p - a scroll of identify
 r - 2 scrolls of fear
 w - 3 scrolls of magic mapping
 J - 2 scrolls of amnesia
 Q - a scroll of brand weapon
Potions
 d - 8 potions of curing
 o - a potion of haste
 q - a potion of might
 s - a potion of berserk rage
 t - a potion of lignification
 u - 3 potions of brilliance
 C - 5 potions of resistance
 F - a potion of attraction
 R - 2 potions of flight
 U - 2 potions of mutation


   Skills:
 * Level 7.0 Fighting
 * Level 9.4 Long Blades
 - Level 1.0 Throwing
 - Level 2.0 Armour
 - Level 4.0 Dodging
 * Level 3.7 Stealth
 - Level 8.0 Shields
 - Level 7.0 Spellcasting
 - Level 1.0 Evocations


You had 24 spell levels left.
You didn't know any spells.
Your spell library contained the following spells:

 Spells                   Type           Power      Damage    Failure   Level
 Freeze                   Ice            16%        1d4       24%         1
 Sandblast                Erth           8%         2d5       24%         1
 Sting                    Tmut/Pois      16%        1d3       24%         1
 Cigotuvi's Dreadful Rot  Necr/Pois/Air  8%         N/A       34%         2
 Passwall                 Tmut/Erth      3%         N/A       34%         2
 Frozen Ramparts          Ice            8%         1d2       56%         3
 Gell's Gravitas          Tloc           4%         N/A       56%         3
 Hailstorm                Conj/Ice       4%         3d4       56%         3
 Lesser Beckoning         Tloc           8%         N/A       56%         3
 Mephitic Cloud           Conj/Pois/Air  4%         N/A       56%         3
 Stone Arrow              Conj/Erth      8%         3d7       56%         3
 Teleport Other           Tloc           4%         N/A       56%         3
 Dispel Undead            Necr           4%         3d7       91%         4
 Death Channel            Necr           2%         N/A       100%        6


Dungeon Overview and Level Annotations

Branches:
Dungeon (10/15)            Temple (1/1) D:6             Orc (0/2) D:9
   Lair: D:8-11

Altars:
Ashenzari
Cheibriados
Dithmenos
Fedhas
Gozag
Hepliaklqana
Kikubaaqudgha
Makhleb
Nemelex Xobeh
Okawaru
Qazlal
Ru
Sif Muna
Trog
Uskayaw
Vehumet
Wu Jian
Xom
Yredelemnul

Shops:
D:2 (   D:5 *   D:6 !=[   D:9 *(**(   D:10 ?


Innate Abilities, Weirdness & Mutations

You have very sharp fingernails.
You are partially covered in icy blue scales. (AC +2)
A demonic guardian rushes to your aid.
You are mostly covered in sharp spines.
You have sharp toenails.
You have hidden genetic potential.


Message History

You closely miss the vampire.
The vampire is moderately damaged.
Something hits you. You block something's attack. The vampire hits you.
A demonic guardian appears!
You block the vampire's attack.
You hit the vampire. Your kick misses the vampire.
The vampire is heavily damaged.
The vampire is struck by your spines. The vampire closely misses you.
The vampire bites you.
The vampire draws strength from your injuries!
Something hits you. Something bites you.
Something draws strength from your injuries!
You slash the vampire!
The vampire is almost destroyed.
The vampire draws life force from you!
The vampire is healed by the life force!
Something hits you but does no damage. Something bites you.
Something draws strength from your injuries!
Unknown command.
You barely miss the vampire.
The vampire is severely damaged.
Your sixfirhy hits the vampire!
Your sixfirhy shocks the vampire!
The vampire is destroyed!
Something hits you!
* * * LOW HITPOINT WARNING * * *
Something bites you.
* * * LOW HITPOINT WARNING * * *
Something draws strength from your injuries!
A red film seems to cover your vision as you go berserk!
You feel yourself moving faster!
You feel mighty! Something hits you!
* * * LOW HITPOINT WARNING * * *
Something bites you.
* * * LOW HITPOINT WARNING * * *
Something draws strength from your injuries!
You closely miss something. Your kick misses something.
Something barely misses you. You block something's attack.
You slice something!!
You hear some strange, mumbled words.
Something tries to affect you, but you resist.
You closely miss something. Something hits you!
You die...

### #.######
###..#...## ###
##..!.#....####
##.#
#..#>.........#
#.<#
###.##.###.###..#
#...###.#..#..#...#
.............##3@.#
##........†...#.⌠{#
#.......#...##.).#
#............#...#
###.........######
#.....#.#....
##.....#.##.#.
###.............#
#...... ##.#
.#........... ..
#...........##


You could see a friendly sixfirhy (summoned).

Vanquished Creatures
  Harold (D:9)
  A two-headed ogre (D:9)
  Grinder (D:6)
  A hornet (D:9)
  A shadow (D:7)
  A wraith (D:9)
  15 yaks
  2 humans (D:10)
  2 vampire mosquitoes (D:10)
  3 acid dragons
  A water moccasin (D:9)
  2 ice beasts (D:7)
  A black bear (D:5)
  2 sky beasts
  4 orc warriors
  2 centaurs (D:9)
  A phantom (D:5)
  3 kobold brigands
  A necrophage (D:8)
  2 gnoll sergeants
  3 scorpions
  4 wights (D:10)
  15 killer bees
  6 electric eels (D:9)
  2 howler monkeys
  6 hounds
  7 orc priests
  A jelly (D:6)
  Crazy Yiuf (D:6)
  4 iguanas (D:5)
  6 orc wizards
  Robin (D:4)
  13 gnolls
  7 adders
  A shadow imp (D:6)
  A white imp (D:7)
  3 ufetubi
  A worm (D:3)
  A dart slug (D:2)
  15 orcs
  9 ball pythons
  5 bats
  5 endoplasms
  13 goblins
  9 hobgoblins
  3 jackals (D:2)
  11 kobolds
  3 quokkas
  2 frilled lizards
  6 rats
211 creatures vanquished.

Vanquished Creatures (collateral kills)
  A vampire (D:10)
  A wyvern (D:8)
  A vampire mosquito (D:10)
  3 orcs (D:6)
6 creatures vanquished.

Vanquished Creatures (others)
  18 plants (D:9)
18 creatures vanquished.

Grand Total: 235 creatures vanquished

Notes
Turn   | Place    | Note
-------+----------+-------------------------------------------
     0 | D:1      | IdlyInterested the Demonspawn Wanderer began the quest for
                  | the Orb.
     0 | D:1      | IdlyInterested set off with the following items: a +2
                  | falchion, 12 poisoned darts, a +0 dagger, a potion of
                  | curing, a +0 robe; and the following spell memorised:
                  | Sting; and the following spells available to memorise:
                  | Mephitic Cloud.
     0 | D:1      | Reached XP level 1. HP: 18/18 MP: 3/3
   446 | D:1      | Reached skill level 2 in Long Blades
   446 | D:1      | Gained mutation: You are partially covered in sharp spines.
                  | [demonic ancestry]
   446 | D:1      | Reached XP level 2. HP: 24/24 MP: 5/5
  1097 | D:2      | Found Uroqy's Antique Weapon Emporium.
  1126 | D:2      | Gained mutation: You have sharp fingernails. [demonic
                  | ancestry]
  1126 | D:2      | Reached XP level 3. HP: 25/29 MP: 6/6
  1432 | D:2      | Reached skill level 1 in Dodging
  1887 | D:3      | Reached XP level 4. HP: 28/35 MP: 8/8
  2008 | D:3      | Identified the +5 rapier of Hisaen {drain, rElec rC- Str+6
                  | Dex+4}
  2266 | D:3      | Noticed a steam dragon
  2267 | D:3      | Noticed a black bear
  2705 | D:2      | Bought a long sword for 91 gold pieces
  2887 | D:4      | Noticed a scorpion
  2892 | D:4      | Killed a scorpion
  2893 | D:4      | Reached skill level 3 in Long Blades
  2893 | D:4      | Gained mutation: A weak demonic guardian rushes to your
                  | aid. [demonic ancestry]
  2893 | D:4      | Reached XP level 5. HP: 16/41 MP: 9/9
  2918 | D:4      | Identified the +6 short sword of Cocytus {drain, Stlth+}
  3094 | D:4      | Found a shimmering blue altar of Sif Muna.
  3231 | D:4      | Noticed Robin
  3245 | D:4      | Killed Robin
  3707 | D:5      | Entered Level 5 of the Dungeon
  3707 | D:5      | Noticed a phantom
  3707 | D:5      | Found Icoch's Assorted Antiques.
  3718 | D:5      | Killed a phantom
  3719 | D:5      | Reached skill level 1 in Stealth
  3721 | D:5      | Bought a scroll labelled SEGROYROTE for 26 gold pieces
  3721 | D:5      | Bought a scroll labelled JOCASHREIMY for 26 gold pieces
  3721 | D:5      | Bought a large granite ring for 130 gold pieces
  3740 | D:5      | Reached XP level 6. HP: 12/48 MP: 10/10
  3946 | D:5      | Reached skill level 4 in Long Blades
  4366 | D:5      | Reached skill level 1 in Evocations
  4429 | D:5      | Found a broken altar of Ashenzari.
  4544 | D:5      | Gained mutation: You are partially covered in icy blue
                  | scales. (AC +2) [demonic ancestry]
  4544 | D:5      | Reached XP level 7. HP: 54/54 MP: 12/12
  4552 | D:5      | Found a blossoming altar of Fedhas.
  4863 | D:5      | Bought a scroll of identify for 52 gold pieces
  5230 | D:6      | Found Jioheent's Antique Armour Boutique.
  5242 | D:6      | Reached skill level 1 in Shields
  5435 | D:6      | Found Yshrep Zyty's Jewellery Emporium.
  5448 | D:6      | Reached skill level 5 in Long Blades
  5575 | D:6      | Found a runed translucent door.
  5576 | D:6      | Noticed Crazy Yiuf
  5803 | D:6      | Found a staircase to the Ecumenical Temple.
  5813 | Temple   | Entered the Ecumenical Temple
  5876 | D:6      | Found a burning altar of Makhleb.
  5878 | D:6      | Noticed Grinder
  5891 | D:6      | Found Soiduxt's Distillery.
  5900 | D:6      | Paralysed by Grinder for 2 turns
  5905 | D:6      | Killed Grinder
  5906 | D:6      | Reached skill level 5 in Fighting
  5906 | D:6      | Gained mutation: You are mostly covered in sharp spines.
                  | [demonic ancestry]
  5906 | D:6      | Reached XP level 8. HP: 54/62 MP: 14/14
  5942 | D:6      | Bought a potion of flight for 39 gold pieces
  6010 | D:6      | Killed Crazy Yiuf
  6249 | D:7      | Reached skill level 6 in Long Blades
  7009 | D:7      | Reached skill level 5 in Spellcasting
  7143 | D:8      | Reached skill level 7 in Long Blades
  7143 | D:8      | Reached XP level 9. HP: 47/68 MP: 16/16
  7195 | D:8      | Reached skill level 5 in Shields
  7346 | D:8      | Found a shimmering altar of Xom.
  7523 | D:8      | Found a faded altar of an unknown god.
  7523 | D:8      | Found a bloodstained altar of Trog.
  7531 | D:8      | Found a sacrificial altar of Ru.
  7535 | D:8      | Found a faded altar of an unknown god.
  7778 | D:9      | Found Feugurr's Weapon Shoppe.
  7943 | D:9      | Found an ancient bone altar of Kikubaaqudgha.
  8153 | D:6      | Bought a potion of resistance for 130 gold pieces
  8220 | D:9      | Found a staircase to the Orcish Mines.
  8374 | D:9      | Paralysed by a hornet for 2 turns
  8378 | D:9      | Noticed a two-headed ogre
  8381 | D:9      | Gained mutation: A demonic guardian rushes to your aid.
                  | [demonic ancestry]
  8381 | D:9      | Reached XP level 10. HP: 48/76 MP: 17/17
  8415 | D:9      | Killed a two-headed ogre
  8586 | D:9      | Noticed Harold
  8608 | D:9      | Killed Harold
  8609 | D:9      | Reached skill level 8 in Long Blades
  8935 | D:9      | Found Qoocs's Weapon Emporium.
  8935 | D:9      | Found Cucuroc's Assorted Antiques.
  8947 | D:9      | Bought a scroll labelled SEGROYROTE for 36 gold pieces
  8960 | D:9      | Found Jyorph's Assorted Antiques.
  8995 | D:9      | Bought a scroll labelled WIPEYN RAGGYON for 33 gold pieces
  9057 | D:9      | Found an iron altar of Okawaru.
  9217 | D:9      | Found Waent's General Store.
  9612 | D:9      | Bought a grey potion for 29 gold pieces
  9649 | D:9      | Gained mutation: You have very sharp fingernails. [potion
                  | of mutation]
  9649 | D:9      | Gained mutation: You have hidden genetic potential. [potion
                  | of mutation]
  9649 | D:9      | Gained mutation: You have sharp toenails. [potion of
                  | mutation]
  9771 | D:10     | Entered Level 10 of the Dungeon
  9858 | D:10     | Found an iron altar of Okawaru.
  9894 | D:10     | Found an opulent altar of Gozag.
 10122 | D:10     | Reached XP level 11. HP: 67/84 MP: 21/21
 10229 | D:10     | Reached skill level 9 in Long Blades
 10352 | D:10     | Found Nilimoy's Magic Scroll Emporium.
 10518 | D:10     | Found the +8 Vampire's Tooth {vamp}
 10535 | D:10     | Slain by a vampire

Illustrated notes

Levels and vault maps discovered:
D:1:      scummos_arrival_checkerplants, layout_basic, lemuel_flame_loot_1
D:2:      layout_loops_ring, serial_shops, shop
D:3:      layout_basic, lightli_corner_chamber
D:4:      layout_basic, lemuel_tele_altar, chequers_serial_rivers_micro_c,
          uniq_robin
D:5:      layout_gridville, fedhas_altar_3, mainiacjoe_overflow_24_doors,
          serial_bayou_pond_a, nicolae_stop_n_shop_2, kennysheep_crisscross,
          eino_small_chamber_without_monster, st_stairs_1
D:6:      layout_rooms, makhleb_heckhound_becter,
          minmay_temple_entry_glassed_door, serial_shops,
          nicolae_shop_competitors_out_of_business, shop, shop, minmay_between,
          uniq_grinder, uniq_crazy_yiuf_cottage
D:7:      layout_gridville, minmay_misc_feat_tiny
D:8:      layout_rooms, nicolae_overflow_hidden_temple,
          chequers_temple_overflow_minitemple
D:9:      layout_cross, mainiacjoe_overflow_catwalk, david_orc_3, serial_shops,
          shop, nicolae_shop_overgrown_old_shop, nicolae_stop_n_shop_2,
          nicolae_shop_trees, nicolae_shop_bloodbath_and_beyond, serial_bayou,
          serial_bayou_ford_a, serial_bayou_pond_b, serial_bayou_shore_b,
          serial_bayou_crossing, david_defended_altar_orc, uniq_harold
D:10:     layout_cave_pools, grunt_gozag_statues, okawaru_humans, serial_shops,
          nicolae_diamond_shop, kennysheep_minor_cross, hangedman_decor_points,
          skrybe_limestone_x, minmay_guarded_unrand_vampires_tooth
Temple:   minmay_freezing_vapour_temple

Skill      XL: |  1  2  3  4  5  6  7  8  9 10 11 |
---------------+----------------------------------+-----
Armour         | 2 |  2.0
Long Blades    | 2 3 4 5 7 8 9 |  9.4
Dodging        | 1 2 4 |  4.0
Spellcasting   | 3 4 5 6 7 |  7.0
Fighting       | 4 5 6 7 |  7.0
Stealth        | 1 2 3 |  3.7
Evocations     | 1 |  1.0
Shields        | 2 4 7 8 |  8.0
Throwing       | |  1.0

Action                   |  1- 3 |  4- 6 |  7- 9 | 10-12 || total
-------------------------+-------+-------+-------+-------++-------
Melee: Falchion          |    63 |       |       |       ||    63
       Rapier            |       |    79 |   194 |   134 ||   407
       Unarmed           |       |       |     3 |       ||     3
       Scimitar          |       |       |       |    96 ||    96
       Kick              |       |       |       |    38 ||    38
Throw: Stone             |     5 |     2 |       |       ||     7
       Dart              |       |     4 |     7 |    11 ||    22
Evoke: Wand              |       |       |     5 |     6 ||    11
  Use: Scroll            |     8 |       |     3 |    10 ||    21
       Potion            |       |       |     1 |     8 ||     9
 Stab: Sleeping          |     3 |       |       |     2 ||     5
       Confused          |       |       |     1 |       ||     1
       Distracted        |       |       |     1 |     1 ||     2
Armor: Robe              |     8 |     1 |       |       ||     9
       Chain mail        |       |    46 |    96 |    28 ||   170
       Acid dragon scale |       |       |       |    31 ||    31
Dodge: Dodged            |    35 |    19 |    45 |    73 ||   172
Block: Buckler           |    12 |    17 |       |       ||    29
       Kite shield       |       |       |   132 |   139 ||   271

Table legend: (Time is in decaauts)
 A = Elapsed time spent in this place.
 B = Non-inter-level travel time spent in this place.
 C = Inter-level travel time spent in this place.
 D = Time resting spent in this place.
 E = Time spent auto-exploring this place.
 F = Levels seen in this place.
 G = Mean time per level.
                   A        B        C        D        E       F      G
               +--------+--------+--------+--------+--------+-----+--------+
         Total |  10641 |   8796 |   1845 |   1357 |   4973 |  11 |  967.4 |
       Dungeon |  10618 |   8773 |   1845 |   1357 |   4973 |  10 | 1061.8 |
        Temple |     22 |     22 |      0 |      0 |      0 |   1 |   22.0 |
               +--------+--------+--------+--------+--------+-----+--------+

Top non-repeatable levels by time:
     D:9: 1754 daAuts
     D:5: 1485 daAuts
     D:7: 1083 daAuts
     D:4: 1021 daAuts
     D:3: 1018 daAuts
     D:6: 941 daAuts
     D:2: 935 daAuts
     D:1: 868 daAuts
     D:8: 825 daAuts
    D:10: 685 daAuts
  Temple: 22 daAuts
